 Dungeon Crawl Stone Soup version 0.29.0-7-g18a832c13a (webtiles) character file.

Game seed: 9402924777371907029

2597 tizbic2 the Poker (level 9, -4/74 HPs)
             Began as a Demigod Fighter on Aug 30, 2022.
             Slain by a komodo dragon (11 damage)
             ... on level 8 of the Dungeon.
             The game lasted 00:31:12 (5749 turns).

tizbic2 the Poker (Demigod Fighter)                 Turns: 5749, Time: 00:31:13

Health: -4/74      AC: 20    Str: 25    XL:     9   Next: 11%
Magic:  11/11      EV:  6    Int: 14    God:
Gold:   231        SH:  5    Dex: 13    Spells: 4/8 levels left

rFire   . . .      SeeInvis +   e - +3 trident "Spiderslayer" {flame, rN+ Will+}
rCold   . . .      Faith    .   c - +0 buckler
rNeg    + . .      Spirit   .   J - +0 plate armour
rPois   .          Reflect  .   f - +2 helmet
rElec   .          Harm     .   (no cloak)
rCorr   .          Rampage  .   q - +0 pair of gloves
Will    +....                   (no boots)
Stlth   ..........              i - amulet of regeneration
HPRegen 1.02/turn               w - +4 ring of protection
MPRegen 0.12/turn               a - ring of see invisible

@: mighty
A: high MP 1, forlorn, divine attributes
a: no special abilities


You were on level 8 of the Dungeon.
You visited 1 branch of the dungeon, and saw 8 of its levels.

You collected 399 gold pieces.
You spent 168 gold pieces at shops.

Inventory:

Hand Weapons
 e - the +3 trident "Spiderslayer" (weapon) {flame, rN+ Will+}
   (You found it on level 8 of the Dungeon)

   It burns those it strikes, dealing additional fire damage.
   rN:        It protects you from negative energy.
   Will:      It increases your willpower.
 o - a +2 vorpal hand axe
 F - a +1 vampiric spear
Missiles
 m - 5 javelins (quivered)
 p - 3 datura-tipped darts
 u - 7 boomerangs
 I - 6 poisoned darts
Armour
 b - a +0 scale mail
 c - a +0 buckler (worn)
 f - a +2 helmet (worn)
 h - a +0 ring mail of positive energy
 k - a +2 robe of cold resistance
 q - a +0 pair of gloves (worn)
 J - a +0 plate armour (worn)
Jewellery
 a - a ring of see invisible (right hand)
 i - an amulet of regeneration (around neck)
 w - a +4 ring of protection (left hand)
 H - an amulet of reflection
Wands
 l - a wand of roots (8)
Scrolls
 n - 2 scrolls of blinking
 t - a scroll of brand weapon
 y - 3 scrolls of teleportation
 C - 2 scrolls of immolation
 D - 2 scrolls of summoning
 K - a scroll of fear
Potions
 d - a potion of might
 j - a potion of mutation {unknown}
 r - a potion of brilliance {unknown}
 v - 2 potions of ambrosia
 x - a potion of curing {unknown}
 z - a potion of invisibility {unknown}
 A - a potion of cancellation {unknown}
 B - a potion of degeneration {unknown}
 E - a potion of flight


   Skills:
 + Level 5.1 Fighting
 * Level 6.4 Polearms
 + Level 5.2 Armour
 - Level 4.0 Shields
 + Level 3.2 Summonings
 * Level 5.8 Air Magic


You had 4 spell levels left.
You knew the following spells:

 Your Spells              Type           Power      Damage    Failure   Level
a - Summon Lightning Spi  Summ/Air       12%        N/A       100%        4

Your spell library contained the following spells:

 Spells                   Type           Power      Damage    Failure   Level
 Conjure Flame            Conj/Fire      0%         6-21      100%        3
 Gell's Gravitas          Tloc           0%         N/A       100%        3
 Ignite Poison            Fire/Tmut/Pois 0%         N/A       100%        3
 Teleport Other           Tloc           0%         N/A       100%        3
 Sticky Flame             Conj/Fire      0%         2d3       100%        4
 Dispersal                Tloc           0%         N/A       100%        6
 Storm Form               Tmut/Air       4%         N/A       100%        7
 Maxwell's Capacitive Co  Air            8%         ∞         100%        8


Dungeon Overview and Level Annotations

Branches:
Dungeon (8/15)             Temple (0/1) D:7
   Lair: D:8-11

Shops:
D:2 *   D:8 :

Annotations:
D:6 Dowan, Duvessa


Innate Abilities, Weirdness & Mutations

You have an increased reservoir of magic. (+10% MP)
You shall have no god before yourself.
Your divine heritage dramatically boosts your attributes as you level up.


Message History

The komodo dragon is moderately wounded.
You hit the komodo dragon but do no damage.
The komodo dragon is moderately wounded.
You block the komodo dragon's attack.
You puncture the komodo dragon! You burn the komodo dragon.
The komodo dragon is heavily wounded.
The komodo dragon barely misses you.
You puncture the komodo dragon! You burn the komodo dragon.
The komodo dragon is severely wounded.
The komodo dragon bites you!
You hit the komodo dragon but do no damage.
The komodo dragon is severely wounded.
The komodo dragon bites you!
You barely miss the komodo dragon.
The komodo dragon is severely wounded.
The komodo dragon bites you.
You barely miss the komodo dragon.
The komodo dragon is severely wounded.
The komodo dragon barely misses you. The komodo dragon bites you!
You hit the komodo dragon but do no damage.
The komodo dragon is severely wounded.
The komodo dragon bites you!!
* * * LOW HITPOINT WARNING * * *
You completely miss the komodo dragon.
The komodo dragon is severely wounded.
The komodo dragon bites you.
* * * LOW HITPOINT WARNING * * *
You feel much better. The komodo dragon bites you!
* * * LOW HITPOINT WARNING * * *
You barely miss the komodo dragon.
The komodo dragon is severely wounded.
The komodo dragon bites you!
* * * LOW HITPOINT WARNING * * *
You barely miss the komodo dragon.
The komodo dragon is severely wounded.
The komodo dragon bites you!
* * * LOW HITPOINT WARNING * * *
You feel very mighty all of a sudden. The komodo dragon bites you!
You die...

##### ## ###
#.###.#
#####...####
.....###...###
.#.
#####.#####..####
#.... ##
##....###......
##...@l.....#
#.#####.#### ###
#


You could see a komodo dragon.

Vanquished Creatures
  Prince Ribbit (D:5)
  Menkaure (D:7)
  A water moccasin (D:7)
  An orc warrior (D:7)
  2 ice beasts
  2 sky beasts
  2 centaurs (D:7)
  4 ogres
  3 bullfrogs
  4 scorpions
  2 necrophages (D:4)
  A jelly (D:6)
  5 hounds
  2 orc priests
  4 iguanas
  6 orc wizards
  5 adders
  An ufetubus (D:6)
  2 dart slugs
  13 orcs
  2 ball pythons
  10 endoplasms
  5 giant cockroaches
  8 goblins
  8 hobgoblins
  4 jackals (D:1)
  6 kobolds
  6 quokkas
  13 bats
  4 frilled lizards
  6 rats
134 creatures vanquished.

Notes
Turn   | Place    | Note
-------+----------+-------------------------------------------
     0 | D:1      | tizbic2 the Demigod Fighter began the quest for the Orb.
     0 | D:1      | Reached XP level 1. HP: 18/18 MP: 3/3
     1 | D:1      | Found a runed translucent door.
    85 | D:1      | Reached skill level 2 in Polearms
   132 | D:1      | Reached XP level 2. HP: 19/25 MP: 4/4
   540 | D:1      | Reached XP level 3. HP: 26/30 MP: 5/5
   649 | D:2      | Found Ykoa's Assorted Antiques.
  1323 | D:3      | Reached XP level 4. HP: 38/38 MP: 6/6
  1327 | D:3      | Reached skill level 1 in Air Magic
  1675 | D:3      | Reached skill level 3 in Polearms
  2144 | D:4      | Noticed a necrophage
  2161 | D:4      | Killed a necrophage
  2162 | D:4      | Reached XP level 5. HP: 34/45 MP: 7/7
  2414 | D:4      | Reached XP level 6. HP: 45/51 MP: 8/8
  2694 | D:4      | Reached skill level 4 in Polearms
  2763 | D:2      | Bought a large granite ring for 120 gold pieces
  2763 | D:2      | Bought a scroll labelled JOEBBU SININN for 24 gold pieces
  2763 | D:2      | Bought a scroll labelled PUS RUREVVOOTU for 24 gold pieces
  3074 | D:5      | Entered Level 5 of the Dungeon
  3154 | D:5      | Reached XP level 7. HP: 58/58 MP: 9/9
  3262 | D:5      | Reached skill level 1 in Summonings
  3662 | D:5      | Noticed Prince Ribbit
  3704 | D:5      | Killed Prince Ribbit
  3705 | D:5      | Reached skill level 5 in Polearms
  3852 | D:6      | Reached XP level 8. HP: 53/66 MP: 10/10
  3964 | D:6      | Noticed Dowan
  3965 | D:6      | Noticed Duvessa
  4146 | D:6      | Learned a level 4 spell: Summon Lightning Spire
  4629 | D:7      | Found a staircase to the Ecumenical Temple.
  4649 | D:7      | Reached skill level 5 in Air Magic
  4759 | D:7      | Reached skill level 5 in Armour
  4835 | D:7      | Reached skill level 6 in Polearms
  5133 | D:7      | Noticed Menkaure
  5138 | D:7      | HP: 5/100 [Menkaure (14)]
  5144 | D:7      | Killed Menkaure
  5145 | D:7      | Reached skill level 5 in Fighting
  5145 | D:7      | Reached XP level 9. HP: 30/74 MP: 11/11
  5613 | D:8      | Identified the +3 trident "Spiderslayer" {flame, rN+ Will+}
  5663 | D:8      | Found Maorchos's Book Boutique.
  5733 | D:8      | Noticed a komodo dragon
  5749 | D:8      | Slain by a komodo dragon

Illustrated notes

Levels and vault maps discovered:
D:1:      dpeg_arrival_caged_fury, layout_basic,
          shapermc_ecumenical_altar_acropolis
D:2:      layout_loops_ring, serial_shops, nicolae_shop_waterfront
D:3:      layout_loops_cross
D:4:      layout_basic
D:5:      layout_gridville, uniq_prince_ribbit1
D:6:      layout_rooms, uniq_duvessa
D:7:      layout_loops_ring, minmay_temple_entry_ruins, uniq_menkaure
D:8:      layout_basic, erik_lair_dragon, kennysheep_nub,
          nicolae_take_the_stairs

Skill      XL: |  1  2  3  4  5  6  7  8 |
---------------+-------------------------+-----
Polearms       | 2 3 4 5 6 |  6.4
Armour         | 3 4 5 |  5.2
Shields        | 3 4 |  4.0
Fighting       | 3 4 5 |  5.1
Air Magic      | 1 2 3 4 5 |  5.8
Summonings     | 1 3 |  3.2

Action                   |  1- 3 |  4- 6 |  7- 9 || total
-------------------------+-------+-------+-------++-------
Melee: Trident           |   168 |   183 |    60 ||   411
       Spear             |       |    19 |   337 ||   356
       Hand axe          |       |       |    19 ||    19
Throw: Javelin           |     2 |    15 |    10 ||    27
       Dart              |       |     1 |       ||     1
  Use: Scroll            |     2 |     5 |    10 ||    17
       Potion            |       |       |     5 ||     5
Armor: Scale mail        |   114 |    55 |       ||   169
       Robe              |       |    21 |   146 ||   167
       Plate armour      |       |       |    14 ||    14
       Skin              |       |       |     3 ||     3
Dodge: Dodged            |    90 |   118 |   130 ||   338
Block: Buckler           |    47 |    47 |    69 ||   163
